 Dungeon Crawl Stone Soup version 0.29.1-13-g9f3cf754e1 (webtiles) character file.

Game seed: 14525883073789526106

7170 shadowmeld the Martial Artist (level 11, 0/93 HPs)
             Began as a Djinni Transmuter on Jan 30, 2023.
             Was an Initiate of Ashenzari.
             Slain by a cane toad (12 damage)
             ... on level 1 of the Lair of Beasts.
             The game lasted 00:54:47 (12624 turns).

shadowmeld the Martial Artist (Djinni Transmuter)  Turns: 12624, Time: 00:54:48

Health: 0/93       AC:  9    Str:  9    XL:     11   Next: 32%
Gold:   481        EV: 12    Int: 19    God:    Ashenzari [......] SH:  0 Dex: 14

rFire   x . .      SeeInvis +     - Unarmed
rCold   + + +      Faith    .   (shield currently unavailable)
rNeg    . . .      Spirit   .   (body armour currently unavailable)
rPois   ∞          Reflect  .   (helmet currently unavailable)
rElec   .          Harm     .   (cloak currently unavailable)
rCorr   .          Rampage  .   (gloves currently unavailable)
Will    +....                   (boots unavailable)
Stlth   +.........              y - amulet of Ashenzari's Augurer {Regen+, Self, Melee} (curse)
HPRegen 1.05/turn               e - ring of see invisible
MPRegen 0.00/turn               L - ring of wizardry

@: ice-form, flying
A: freezing attack, flying, boosted hp, sickness immunity, large, (fire
resistance 2), (cold vulnerability 1), float, innate caster, HP casting, extra
vitality 1
a: End Transformation, Renounce Religion, Shatter the Chains


You were on level 1 of the Lair of Beasts.
You worshipped Ashenzari.
Ashenzari was noncommittal.
You were a creature of crystalline ice.
You visited 3 branches of the dungeon, and saw 11 of its levels.

You collected 481 gold pieces.

Inventory:

Hand Weapons
 z - the +8 dagger "Raucut" {chaos, Contam rF+ Will+ Int+3}
   (You found it on level 5 of the Dungeon)

   Each time it hits an enemy it has a different, random effect.
   Int:       It affects your intelligence (+3).
   rF:        It protects you from fire.
   Contam:    It causes magical contamination when unequipped.
   Will:      It increases your willpower.
Missiles
 b - 2 curare-tipped darts
 d - 27 poisoned darts
 x - a throwing net
Armour
 f - a +0 buckler (melded)
 t - a +0 cloak (melded)
 F - a +1 leather armour of positive energy (melded)
 N - a +2 helmet (melded)
Jewellery
 e - a ring of see invisible (left front paw)
 n - a ring of fire
 y - the cursed amulet of Ashenzari's Augurer (around neck) {Regen+, Self, Melee}
   (You found it on level 1 of the Lair of Beasts)

   [amulet of regeneration]

   Regen:     It increases your rate of health regeneration.
   It has a curse which improves the following skills: Introspection: Fighting
   and Spellcasting.
   Melee Combat: Short Blades, Long Blades, Axes, Maces & Flails, Polearms,
   Staves and Unarmed Combat.
 A - an amulet of the acrobat
 L - a ring of wizardry (right front paw)
Wands
 B - a wand of flame (8)
 G - a wand of light (17) (quivered)
 K - a wand of digging (6)
 M - a wand of iceblast (6)
Scrolls
 g - a scroll of magic mapping
 i - 3 scrolls of enchant weapon
 k - 2 scrolls of teleportation
 r - a scroll of brand weapon
 s - a scroll of fear {unknown}
 u - a scroll of immolation
 v - a scroll of vulnerability
 C - 2 scrolls of silence {unknown}
 D - 4 scrolls of fog
 E - a scroll of blinking {unknown}
 H - a scroll of poison {unknown}
 I - 2 scrolls of amnesia
Potions
 a - a potion of attraction {unknown}
 c - 3 potions of degeneration {unknown}
 h - 3 potions of berserk rage {unknown}
 j - a potion of mutation {unknown}
 l - a potion of might {unknown}
 m - 3 potions of curing
 o - 3 potions of brilliance {unknown}
 p - 3 potions of heal wounds {unknown}
 q - 2 potions of haste {unknown}
 w - a potion of magic {unknown}
 J - a potion of flight {unknown}


   Skills:
 * Level 6.0(6.4) Fighting
 + Level 2.0 Armour
 * Level 6.8 Dodging
 * Level 10.1(10.6) Unarmed Combat
 * Level 8.4(8.8) Spellcasting


You had 3 spell levels left.
You knew the following spells:

 Your Spells              Type           Power      Damage    Failure   Level
a - Beastly Appendage     Tmut           84%        N/A       1%          1
b - Wereblood             Tmut           42%        N/A       1%          2
c - Spider Form           Tmut/Pois      42%        N/A       1%          3
d - Ice Form              Ice/Tmut       42%        N/A       1%          4
e - Sandblast             Erth           84%        2d18      1%          1
f - Poisonous Vapours     Pois/Air       84%        N/A       1%          2
g - Gell's Gravitas       Tloc           42%        N/A       1%          3
h - Airstrike             Air            21%        2d(3-19)  1%          4
i - Petrify               Tmut/Erth      42%        N/A       1%          4
Your spell library was empty.

Dungeon Overview and Level Annotations

Branches:
Dungeon (9/15)             Temple (1/1) D:4            Lair (1/5) D:9
    Orc (0/2) D:9

Altars:
Ashenzari
Cheibriados
Dithmenos
Elyvilon
Fedhas
Gozag
Hepliaklqana
Nemelex Xobeh
Okawaru
Qazlal
Ru
Trog
Uskayaw
Wu Jian
Xom
Yredelemnul
Zin
The Shining One

Shops:
D:7 (


Innate Abilities, Weirdness & Mutations

You are a creature of crystalline ice.
You have a powerful freezing melee attack.
You are flying.
Your maximum health is increased.
Your armour is entirely melded.
You are incapable of wielding weapons or throwing items.
You are immune to sickness and miasma.
You are immune to poison.
((Your flesh is very heat resistant. (rF++)))
((You are vulnerable to cold. (rC-)))
You float through the air rather than walking.
You learn spells naturally, not from books.
Your magical power is your life essence.
You have superior vitality. (+4 MHP)


Message History

The cane toad is lightly wounded.
The cane toad stings you! The yak gores you!
You punch the yak! You freeze the yak.
The yak is heavily wounded.
The cane toad stings you!!
You barely miss the yak.
The yak is heavily wounded.
The cane toad stings you but does no damage.
The yak gores you but does no damage.
You punch the yak! You freeze the yak.
The yak is almost dead.
The cane toad stings you!
* * * LOW HITPOINT WARNING * * *
The yak closely misses you.
You feel better. The cane toad barely misses you. The yak gores you.
* * * LOW HITPOINT WARNING * * *
You hit the yak but do no damage.
The yak is almost dead.
The cane toad misses you. The yak gores you.
* * * LOW HITPOINT WARNING * * *
Okay, then.
You feel better.
The cane toad stings you but does no damage.
The yak gores you!
* * * LOW HITPOINT WARNING * * *
The cane toad barely misses you.
You hit the yak but do no damage.
The yak is almost dead.
The yak closely misses you.
You punch the yak! You freeze the yak.
You kill the yak!
The cane toad stings you.
* * * LOW HITPOINT WARNING * * *
You punch the cane toad! You freeze the cane toad.
The cane toad is heavily wounded.
The cane toad completely misses you.
You completely miss the cane toad.
The cane toad is heavily wounded.
The cane toad stings you!
You die...

##.......## ..####
#.........####...F..
.#
#...................
..#
#..........?.......
...#
#....######.##.....
....#####†.## ##...#
... ......#...##
##....# .
.......#.## #..†F.#
#.......# ##..Y.##
###.....# #....##
##..### ##...P#
##..# #...### #
###..## #..##
###....## ##.#
.......P# ###
........####
...........#####


You could see a cane toad.

Vanquished Creatures
  Joseph (D:8)
  A cane toad (Lair:1)
  2 komodo dragons
  2 polar bears (Lair:1)
  8 yaks
  A wraith (D:9)
  Grum (D:8)
  An acid dragon (D:8)
  5 water moccasins
  An ice beast (D:7)
  A sky beast (D:6)
  3 black bears
  An ogre (D:6)
  4 wolves (D:8)
  2 centaurs
  A phantom (D:4)
  4 bullfrogs
  3 kobold brigands
  2 scorpions
  2 necrophages
  4 wights (D:9)
  2 howler monkeys (D:9)
  A hound (D:6)
  A jelly (D:5)
  7 orc priests
  3 gnoll boudas
  Natasha (thrice) (D:4)
  6 iguanas
  12 orc wizards
  22 gnolls
  8 adders
  2 shadow imps
  3 white imps
  2 ufetubi
  2 worms (D:2)
  2 dart slugs (D:4)
  38 orcs
  5 bats
  3 endoplasms
  3 giant cockroaches
  7 goblins
  4 hobgoblins (D:1)
  4 jackals (D:4)
  18 kobolds
  3 quokkas
  4 ball pythons
  2 frilled lizards
  2 rats
219 creatures vanquished.

Vanquished Creatures (collateral kills)
  Sigmund (D:3)
  A worm (D:3)
  2 giant cockroaches (D:3)
4 creatures vanquished.

Vanquished Creatures (others)
  A fungus (Lair:1)
  7 plants
8 creatures vanquished.

Grand Total: 231 creatures vanquished

Notes
Turn   | Place    | Note
-------+----------+-------------------------------------------
     0 | D:1      | shadowmeld the Djinni Transmuter began the quest for the
                  | Orb.
     0 | D:1      | shadowmeld set off with the following spells memorised:
                  | Beastly Appendage, Wereblood, Spider Form, Ice Form.
     0 | D:1      | Reached XP level 1. HP: 17/17 MP: 0/0
   475 | D:1      | Reached XP level 2. HP: 13/22 MP: 0/0
  1129 | D:1      | Reached XP level 3. HP: 18/27 MP: 0/0
  1129 | D:1      | Learned a level 1 spell: Sandblast
  1417 | D:1      | Found a faded altar of an unknown god.
  2319 | D:2      | Reached XP level 4. HP: 28/32 MP: 0/0
  3001 | D:3      | Found a hide-covered altar of Uskayaw.
  3002 | D:3      | Found a glowing golden altar of the Shining One.
  3595 | D:3      | Noticed Sigmund
  3603 | D:3      | Killed Sigmund
  3604 | D:3      | Reached skill level 4 in Unarmed Combat
  3604 | D:3      | Reached XP level 5. HP: 34/38 MP: 0/0
  3604 | D:3      | Learned a level 2 spell: Poisonous Vapours
  3604 | D:3      | Reached XP level 6. HP: 38/43 MP: 0/0
  4275 | D:4      | Noticed Natasha
  4282 | D:4      | Killed Natasha
  4493 | D:4      | Found a staircase to the Ecumenical Temple.
  4512 | Temple   | Entered the Ecumenical Temple
  5258 | D:4      | Noticed Natasha
  5288 | D:4      | Killed Natasha
  5289 | D:4      | Reached XP level 7. HP: 46/49 MP: 0/0
  5289 | D:4      | Learned a level 3 spell: Gell's Gravitas
  5447 | D:4      | Noticed Natasha
  5450 | D:4      | Killed Natasha
  5974 | D:3      | Became a worshipper of the Shining One
  6000 | D:5      | Entered Level 5 of the Dungeon
  6591 | D:5      | Noticed a water moccasin
  6594 | D:5      | Found a glowing silver altar of Zin.
  6602 | D:5      | Killed a water moccasin
  6603 | D:5      | Reached XP level 8. HP: 35/55 MP: 0/0
  6615 | D:5      | Reached skill level 5 in Unarmed Combat
  6615 | D:5      | Reached skill level 5 in Spellcasting
  6863 | D:5      | Identified the +8 dagger "Raucut" {chaos, Contam rF+ Will+
                  | Int+3}
  7441 | D:6      | Reached * piety under the Shining One
  7454 | D:6      | Reached skill level 6 in Unarmed Combat
  7459 | D:6      | Reached XP level 9. HP: 36/61 MP: 0/0
  7459 | D:6      | Learned a level 4 spell: Airstrike
  8799 | D:6      | Reached skill level 5 in Dodging
  8992 | D:6      | Reached skill level 7 in Unarmed Combat
  9610 | D:7      | Found Ipan's Weapon Emporium.
  9740 | D:7      | Reached skill level 1 in Armour
  9954 | D:7      | Reached ** piety under the Shining One
  9968 | D:7      | Reached XP level 10. HP: 64/69 MP: 0/0
 10431 | D:8      | Found a stormy altar of Qazlal.
 10513 | D:8      | Found an iron altar of Okawaru.
 10514 | D:8      | Noticed Joseph
 10527 | D:8      | Killed Joseph
 10528 | D:8      | Reached skill level 8 in Unarmed Combat
 10676 | D:8      | Noticed Grum
 10686 | D:8      | Killed Grum
 10703 | D:8      | Reached skill level 5 in Fighting
 11274 | D:9      | Found a staircase to the Lair.
 11275 | D:9      | Noticed a komodo dragon
 11285 | D:9      | Killed a komodo dragon
 11498 | D:9      | Reached skill level 9 in Unarmed Combat
 11594 | D:9      | Found a staircase to the Orcish Mines.
 11843 | D:9      | Found a broken altar of Ashenzari.
 11854 | D:9      | Fell from the grace of the Shining One
 11854 | D:9      | Became a worshipper of Ashenzari the Shackled
 11998 | D:9      | Reached XP level 11. HP: 76/76 MP: 0/0
 11998 | D:9      | Learned a level 4 spell: Petrify
 12283 | Lair:1   | Entered Level 1 of the Lair of Beasts
 12613 | Lair:1   | Reached skill level 10 in Unarmed Combat
 12624 | Lair:1   | Slain by a cane toad

Illustrated notes

Levels and vault maps discovered:
D:1:      dpeg_arrival_more_subterranean_lakeside_camping, layout_loops_ring,
          hellmonk_ecumenical_altar_crossroads, kennysheep_nondescript
D:2:      layout_loops_ring
D:3:      layout_basic, chequers_temple_overflow_statue_of_worship, uniq_sigmund
D:4:      layout_loops_cross, minmay_temple_entry_statues_pillars, uniq_natasha
D:5:      layout_basic, mainiacjoe_overflow_brackets
D:6:      layout_gridville, grunt_temple_overflow_magic_moments,
          hangedman_abyss_or_decor_passed, hangedman_minor_gate_pass
D:7:      layout_basic, serial_shops, nicolae_shop_stone
D:8:      layout_basic, mainiacjoe_overflow_24_doors, kennysheep_little_box,
          lightli_ossuary_entry_decrepit_ruins, uniq_joseph, uniq_grum
D:9:      layout_long_grid, ashenzari_altar_1, david_lair_shrubbed
Temple:   chequers_temple_sunken
Lair:1:   layout_cave_pods, grunt_megastairs_2, lemuel_fruit_tree,
          serial_bayou_shore_b

Skill      XL: |  1  2  3  4  5  6  7  8  9 10 11 |
---------------+----------------------------------+-----
Spellcasting   | 2 3 4 5 6 7 8 |  8.4
Fighting       | 2 3 4 5 6 |  6.0
Dodging        | 3 4 5 6 |  6.8
Unarmed Combat | 4 6 7 9 10 | 10.1
Armour         | 1 2 |  2.0

Action                   |  1- 3 |  4- 6 |  7- 9 | 10-12 || total
-------------------------+-------+-------+-------+-------++-------
Melee: Unarmed           |    88 |    24 |   219 |   154 ||   485
       Headbutt          |     9 |     5 |     1 |       ||    15
 Cast: Beastly Appendage |    15 |     5 |     1 |       ||    21
       Sandblast         |    20 |    34 |    71 |    40 ||   165
       Spider Form       |       |       |    22 |       ||    22
       Ice Form          |       |       |     4 |    14 ||    18
       Airstrike         |       |       |       |     6 ||     6
Invok: Curse Item        |       |       |       |     1 ||     1
  Use: Scroll            |       |     6 |     4 |     4 ||    14
       Potion            |       |     2 |     3 |     2 ||     7
Armor: Robe              |    15 |     5 |     2 |       ||    22
       Skin              |       |     4 |    25 |    37 ||    66
       Leather armour    |       |       |     3 |     2 ||     5
Dodge: Dodged            |    58 |    22 |   167 |    99 ||   346
